[Event "Late-Titled-Tuesday-Blitz-April-30-2024"]
[Site "Chess.com"]
[Date "2024.04.30"]
[Round "11"]
[White "el008"]
[Black "Charodej1"]
[Result "1/2-1/2"]
[WhiteElo "2523"]
[BlackElo "2421"]
[TimeControl "180+1"]
[EndTime "16:07:35 PDT"]
[Termination "Game drawn by agreement"]

1. b3 e6 2. Bb2 a5 3. a4 Nf6 4. Nf3 Be7 5. g3 O-O 6. Bg2 d5 7. O-O Nbd7 8. d3 c6 9. Nbd2 b6 10. e4 Bb7 11. Re1 b5 12. e5 Ne8 13. h4 bxa4 14. Rxa4 Nb6 15. Rf4 a4 16. bxa4 Nxa4 17. Ba1 Nc7 18. h5 h6 19. Nf1 Nb5 20. N3h2 Nac3 21. Qg4 c5 22. Qf3 Nd4 23. Qg4 Rxa1 24. Rxa1 Nce2+ 25. Kh1 Nxf4 26. Qxf4 Nxc2 27. Rb1 Bc6 28.
Qd2 Nd4 29. Ng4 Kh7 30. Qa2 Qa8 31. Qb2 Qa6 32. Qc3 Ra8 33. Nfe3 Qa3 34. Qd2 Qa2 35. Rb2 Qa1+ 36. Kh2 Qa5 37. Qd1 Ba4 38. Qb1 Bc6 39.
Rb6 Qa2 40. Qc1 Qa1 41. Rb1 Qa3 42. Qd1 Bb5 43. Bf1 Ra5 44. Kh3 Bd8 45. Nh2 Bc7 46.
Nf3 Nc6 47. d4 Bxf1+ 48. Nxf1 cxd4 49. Nxd4 Nxd4 50. Qxd4 Ra4 51. Qd1 Bxe5 52. Rb7 Ra7 53. Rb3 Qa1 54. Qd3+ g6 55. hxg6+ fxg6 56. Rb6 Qd4 57.
Qxd4 Bxd4 58. Rxe6 Bxf2 59. Kg2 Bc5 60. Rc6 Ba3 61. Ne3 d4 62. Nc4 d3 63. Kf1 Be7 64.
Ke1 Kg7 65. Kd2 Rd7 66. Ne5 Rd6 67. Rc7 Kf6 68. Nxd3 Rd8 69. Rc6+ Rd6 70. Rc1 Rd8 71.
Rf1+ Kg7 72. Ke2 Bd6 73. g4 h5 74. gxh5 gxh5 75. Rf5 h4 76. Rh5 Bg3 77. Rg5+ Kf6 78. Ra5 Re8+ 79. Kf3 Rf8 80. Kg2 Ke6 81. Nc5+ Kd6 82.
Ne4+ Kc6 83. Rc5+ Kb6 84. Rh5 Rg8 85. Kh3 Kc6 86. Rc5+ Kb6 87. Rc4 Kb5 88. Rc2 Kb4 89. Nf6 Rg6 90. Nd5+ Kb5 91. Ne7 Re6 92. Nf5 Re4 93. Rc8 Rc4 94. Re8 Rc5 95. Nd4+ Kc4 96. Ne6 Re5 97. Rc8+ Kd5 98. Nf8 Re3 99. Ng6 Ke4 100.
Re8+ Kd3 101. Rxe3+ Kxe3 102. Ne7 Kf2 103. Nf5 Ke2 104. Nd4+ Kd3 105. Nc6 Kc2 106. Nd8 Kb3 107. Nf7 Kc4 108. Ng5 Kb5 109. Ne4 Ka5 110. Nd2 Ka4 111. Ne4 Ka5 112. Nf6 Kb4 113. Ne8 Kb3 114. Ng7 Kb2 115. Ne6 Kb1 116. Nd4 Kb2 117. Nc6 Kb3 118. Ne7 Kb4 119. Nf5 Kc5 120.
Nxg3 Kc6 121. Nf5 Kc7 122. Ne3 Kb6 123. Nf1 Kb5 124. Nh2 Kb4 125. Nf3 Kc5 126. Ng5 Kb6 127. Nf7 Kc7 128. Nh8 Kb7 129. Ng6 Kb6 130. Nf8 Kb5 131. Ne6 Kb4 132. Nf4 Kb3 133. Nd3 Ka2 134. Nf2 Ka3 135. Ng4 Ka4 136.
Nf6 Ka5 137. Nd7 Ka6 138. Nb8+ Kb5 139. Nd7 Kc4 140. Nf8 Kb3 141. Ng6 Kb2 142. Nf4 Kb1 143. Kh2 Kb2 144. Ng2 Ka2 145. Kh3 Ka3 146. Nf4 Kb4 147. Kh2 Kb5 148. Nh3 Kb6 149. Kg2 Kc7 150. Kf3 Kb7 151. Kg4 Ka6 152. Kf4 Kb5 153. Kf3 Kb4 154. Ke3 Kb3 155. Ke2 Kb2 156. Kf2 Ka3 157. Kg2 Ka4 158. Ng1 Ka5 159. Kh2 Ka6 160. Nf3 Ka7 161. Ng5 Ka8 162. Nf7 Kb7 163. Nh8 Kb6 164. Ng6 Kb5 165. Nf8 Kb4 166. Nh7 Kb3 167.
Nf6 Kb2 1/2-1/2